TOP OF THE 1ST |
Williamsport Crosscutters batting - Pitching for Tri-City Dust Devils : RHP Nick Goodlow
|
Pitching: RHP Nick Goodlow
|
|
Batting: RHB Xavier Castellanos
|
0-0: Ball 1-0: Ball 2-0: Foul Ball, location: 2F 2-1: Ball 3-1: Swinging Strike 3-2: DOUBLE (Groundball, 5L, EV 103.8 MPH)
|
Batting: RHB Jason Ostrom
|
0-0: Ground out 6-3 (Groundball, 6M, EV 85.6 MPH) Xavier Castellanos to third
|
Batting: RHB John Manocchio
|
0-0: Ball 1-0: Ball 2-0: Fly out, F7 (Flyball, 7D, EV 98.1 MPH)
|
Batting: LHB Chris Moody
|
0-0: Ball 1-0: Ball 2-0: Ball 3-0: Base on Balls
|
Batting: SHB Nick Chandler
|
0-0: Called Strike 0-1: Ball 1-1: Foul Ball, location: 2F 1-2: Strikes out looking
|
Top of the 1st over - 0 runs, 1 hit, 0 errors, 2 left on base; Williamsport 0 - Tri-City 0 |
BOTTOM OF THE 1ST |
Tri-City Dust Devils batting - Pitching for Williamsport Crosscutters : RHP Carlos Palacios
|
Pitching: RHP Carlos Palacios
|
|
Batting: LHB Ramon Vega
|
0-0: Ball 1-0: SINGLE (Groundball, 15S, EV 68.8 MPH) (infield hit)
|
Batting: LHB Phil Lerner
|
0-0: Ball 1-0: Called Strike 1-1: Called Strike 1-2: Ball 2-2: Strikes out swinging
|
Batting: RHB Hector Fernandez
|
0-0: Ball 1-0: Called Strike 1-1: Fly out, F9 (Line Drive, 89M, EV 92.5 MPH)
|
Batting: SHB Isaiah Scates
|
0-0: Ball 1-0: Foul Ball, location: 2F 1-1: Ball 2-1: Foul Ball, location: 2F 2-2: Strikes out swinging
|
Bottom of the 1st over - 0 runs, 1 hit, 0 errors, 1 left on base; Williamsport 0 - Tri-City 0 |
TOP OF THE 2ND |
Williamsport Crosscutters batting - Pitching for Tri-City Dust Devils : RHP Nick Goodlow
|
Batting: SHB Art Kent
|
0-0: Foul Ball, location: 2F 0-1: Ball 1-1: Ball 2-1: TRIPLE (Flyball, 89XD, EV 103.1 MPH)
|
Batting: RHB Shintaro Katsumata
|
0-0: Swinging Strike 0-1: Ground out 6-3 (Groundball, 6, EV 101.9 MPH) Art Kent scores
|
Batting: RHB Pete Deschamps
|
0-0: Swinging Strike 0-1: Called Strike 0-2: Ball 1-2: Ball 2-2: Ground out 6-3 (Groundball, 6, EV 84.4 MPH)
|
Batting: RHB Nick Cottrell
|
0-0: Ball 1-0: Called Strike 1-1: Ball 2-1: Foul Ball, location: 2F 2-2: Strikes out swinging
|
Top of the 2nd over - 1 run, 1 hit, 0 errors, 0 left on base; Williamsport 1 - Tri-City 0 |
BOTTOM OF THE 2ND |
Tri-City Dust Devils batting - Pitching for Williamsport Crosscutters : RHP Carlos Palacios
|
Batting: RHB Eric McMillian
|
0-0: Called Strike 0-1: DOUBLE (Line Drive, 3D, EV 105.0 MPH)
|
Batting: RHB Phil McFadden
|
0-0: Ball 1-0: Ball 2-0: Called Strike 2-1: Ground out 3-1 (Groundball, 34, EV 102.5 MPH) Eric McMillian to third
|
Batting: RHB Frank Elizondo
|
0-0: Ball 1-0: Reached on error, E6 (Groundball, 6S, EV 90.0 MPH) Eric McMillian scores
|
Batting: RHB Max Stillo
|
0-0: Ball 1-0: Ground out 5-3 (Groundball, 5S, EV 66.2 MPH) Frank Elizondo to second
|
Batting: RHB Oren Jones
|
0-0: Ball 1-0: Ground out 5-3 (Groundball, 56S, EV 85.0 MPH)
|
Bottom of the 2nd over - 1 run, 1 hit, 1 error, 1 left on base; Williamsport 1 - Tri-City 1 |
TOP OF THE 3RD |
Williamsport Crosscutters batting - Pitching for Tri-City Dust Devils : RHP Nick Goodlow
|
Batting: RHB Xavier Castellanos
|
0-0: Foul Ball, location: 2F 0-1: Ball 1-1: Called Strike 1-2: Foul Ball, location: 2F 1-2: Foul Ball, location: 2F 1-2: Ball 2-2: SOLO HOME RUN (Flyball, 78XD, EV 98.1 MPH), Distance : 407 ft
|
Batting: RHB Jason Ostrom
|
0-0: Called Strike 0-1: Foul Ball, location: 2F 0-2: Ball 1-2: Foul Ball, location: 2F 1-2: Ball 2-2: Ball 3-2: Foul Ball, location: 2F 3-2: Ground out 6-3 (Groundball, 6M, EV 82.5 MPH)
|
Batting: RHB John Manocchio
|
0-0: Ball 1-0: Ball 2-0: Ball 3-0: DOUBLE (Flyball, 89XD, EV 109.4 MPH)
|
Batting: LHB Chris Moody
|
0-0: Ball 1-0: Ball 2-0: Ball 3-0: Called Strike 3-1: Foul Ball, location: 2F 3-2: Base on Balls
|
Batting: SHB Nick Chandler
|
0-0: Fielders Choice at 2nd, 3-6 (Groundball, 34, EV 86.9 MPH) John Manocchio to third
|
Batting: SHB Art Kent
|
0-0: Called Strike 0-1: Ball 1-1: Ball 2-1: Ball 3-1: Called Strike 3-2: Foul Ball, location: 2F 3-2: Base on Balls Nick Chandler to second
|
Batting: RHB Shintaro Katsumata
|
0-0: Called Strike 0-1: Ball 1-1: Called Strike 1-2: Foul Ball, location: 2F 1-2: Ball 2-2: Foul Ball, location: 2F 2-2: Foul Ball, location: 2F 2-2: Strikes out swinging
|
Top of the 3rd over - 1 run, 2 hits, 0 errors, 3 left on base; Williamsport 2 - Tri-City 1 |
BOTTOM OF THE 3RD |
Tri-City Dust Devils batting - Pitching for Williamsport Crosscutters : RHP Carlos Palacios
|
Batting: LHB Ramon Vega
|
0-0: Ball 1-0: Called Strike 1-1: SINGLE (Groundball, 4MS, EV 73.1 MPH) (infield hit)
|
Batting: LHB Phil Lerner
|
Balk! Ramon Vega to second 0-0: Ball 1-0: Fly out, F7 (Flyball, 7, EV 83.1 MPH)
|
Batting: RHB Hector Fernandez
|
0-0: Ball 1-0: Foul Ball, location: 2F 1-1: Called Strike 1-2: Strikes out looking
|
Batting: SHB Isaiah Scates
|
0-0: Called Strike 0-1: Ball 1-1: Foul Ball, location: 2F 1-2: TRIPLE (Flyball, 9D, EV 98.1 MPH) Ramon Vega scores
|
Batting: RHB Eric McMillian
|
0-0: Ball 1-0: Called Strike 1-1: Ball 2-1: Ball 3-1: Swinging Strike 3-2: Base on Balls
|
Batting: RHB Phil McFadden
|
0-0: Ball 1-0: Ball 2-0: Called Strike 2-1: Called Strike 2-2: DOUBLE (Flyball, 8LD, EV 101.9 MPH) Isaiah Scates scores Eric McMillian to third Runner from 3rd tries for Home, throw by CF and OUT! 8-6-2
|
Bottom of the 3rd over - 2 runs, 3 hits, 0 errors, 1 left on base; Williamsport 2 - Tri-City 3 |
TOP OF THE 4TH |
Williamsport Crosscutters batting - Pitching for Tri-City Dust Devils : RHP Nick Goodlow
|
Batting: RHB Pete Deschamps
|
0-0: Ground out 4-3 (Groundball, 4, EV 108.1 MPH)
|
Batting: RHB Nick Cottrell
|
0-0: Ball 1-0: Swinging Strike 1-1: Called Strike 1-2: Strikes out swinging, 2-3 out at first.
|
Batting: RHB Xavier Castellanos
|
0-0: Foul Ball, location: 2F 0-1: Ball 1-1: Swinging Strike 1-2: Ball 2-2: Ball 3-2: Strikes out swinging
|
Top of the 4th over - 0 runs, 0 hits, 0 errors, 0 left on base; Williamsport 2 - Tri-City 3 |
BOTTOM OF THE 4TH |
Tri-City Dust Devils batting - Pitching for Williamsport Crosscutters : RHP Carlos Palacios
|
Batting: RHB Frank Elizondo
|
0-0: Ball 1-0: Ball 2-0: Called Strike 2-1: TRIPLE (Line Drive, 89XD, EV 111.9 MPH)
|
Batting: RHB Max Stillo
|
0-0: Ball 1-0: Fly out, F9 (Flyball, 89M, EV 84.4 MPH)
|
Batting: RHB Oren Jones
|
0-0: Ball 1-0: Ball 2-0: Foul Ball, location: 2F 2-1: Called Strike 2-2: Ball 3-2: Ground out 5-3 (Groundball, 56, EV 103.8 MPH) Frank Elizondo scores
|
Batting: LHB Ramon Vega
|
0-0: Ball 1-0: Ball 2-0: Ball 3-0: Called Strike 3-1: Base on Balls
|
Batting: LHB Phil Lerner
|
0-0: Ball 1-0: Swinging Strike 1-1: Called Strike Ramon Vega steals 2nd base 1-2: Strikes out swinging
|
Bottom of the 4th over - 1 run, 1 hit, 0 errors, 1 left on base; Williamsport 2 - Tri-City 4 |
TOP OF THE 5TH |
Williamsport Crosscutters batting - Pitching for Tri-City Dust Devils : RHP Nick Goodlow
|
Batting: RHB Jason Ostrom
|
0-0: Swinging Strike 0-1: Fly out, F7 (Flyball, 7LM, EV 92.5 MPH)
|
Batting: RHB John Manocchio
|
0-0: Called Strike 0-1: Ground out 1-3 (Groundball, P, EV 61.2 MPH)
|
Batting: LHB Chris Moody
|
0-0: Called Strike 0-1: Fly out, F9 (Flyball, 9, EV 94.4 MPH)
|
Top of the 5th over - 0 runs, 0 hits, 0 errors, 0 left on base; Williamsport 2 - Tri-City 4 |
BOTTOM OF THE 5TH |
Tri-City Dust Devils batting - Pitching for Williamsport Crosscutters : RHP Carlos Palacios
|
Batting: RHB Hector Fernandez
|
0-0: Ball 1-0: Ground out 6-3 (Groundball, 6, EV 105.0 MPH)
|
Batting: SHB Isaiah Scates
|
0-0: Foul Ball, location: 2F 0-1: Ball 1-1: Foul Ball, location: 2F 1-2: Ball 2-2: Fly out, F7 (Flyball, 7D, EV 102.5 MPH)
|
Batting: RHB Eric McMillian
|
0-0: Called Strike 0-1: Swinging Strike 0-2: Ball 1-2: Strikes out swinging
|
Bottom of the 5th over - 0 runs, 0 hits, 0 errors, 0 left on base; Williamsport 2 - Tri-City 4 |
TOP OF THE 6TH |
Williamsport Crosscutters batting - Pitching for Tri-City Dust Devils : RHP Nick Goodlow
|
Pitching: RHP Gilberto Ricalde
|
|
Batting: SHB Nick Chandler
|
0-0: Ball 1-0: Called Strike 1-1: Called Strike 1-2: Ball 2-2: Strikes out swinging
|
Batting: SHB Art Kent
|
0-0: Ball 1-0: Ball 2-0: Swinging Strike 2-1: Swinging Strike 2-2: Foul Ball, location: 2F 2-2: Ball 3-2: Base on Balls
|
Batting: RHB Shintaro Katsumata
|
0-0: Ball 1-0: Swinging Strike 1-1: Ball 2-1: Swinging Strike 2-2: Ball 3-2: Foul Ball, location: 2F 3-2: Base on Balls Art Kent to second
|
Batting: RHB Pete Deschamps
|
0-0: Grounds into double play, 6-4-3 (Groundball, 6, EV 98.1 MPH)
|
Top of the 6th over - 0 runs, 0 hits, 0 errors, 1 left on base; Williamsport 2 - Tri-City 4 |
BOTTOM OF THE 6TH |
Tri-City Dust Devils batting - Pitching for Williamsport Crosscutters : RHP Carlos Palacios
|
Batting: RHB Phil McFadden
|
0-0: Called Strike 0-1: Ground out 4-3 (Groundball, 4, EV 85.6 MPH)
|
Batting: RHB Frank Elizondo
|
0-0: Called Strike 0-1: Foul Ball, location: 2F 0-2: Foul Ball, location: 2F 0-2: Strikes out looking
|
Batting: RHB Max Stillo
|
0-0: Ball 1-0: Ball 2-0: Ball 3-0: Called Strike 3-1: Ground out 3-1 (Groundball, 34S, EV 86.2 MPH)
|
Bottom of the 6th over - 0 runs, 0 hits, 0 errors, 0 left on base; Williamsport 2 - Tri-City 4 |
TOP OF THE 7TH |
Williamsport Crosscutters batting - Pitching for Tri-City Dust Devils : RHP Gilberto Ricalde
|
Batting: RHB Nick Cottrell
|
0-0: Ball 1-0: Called Strike 1-1: Ball 2-1: Foul Ball, location: 2F 2-2: Strikes out swinging
|
Batting: RHB Xavier Castellanos
|
0-0: Ball 1-0: Ground out 4-3 (Groundball, 4, EV 106.2 MPH)
|
Batting: RHB Jason Ostrom
|
0-0: Foul Ball, location: 2F 0-1: Called Strike 0-2: Strikes out looking
|
Top of the 7th over - 0 runs, 0 hits, 0 errors, 0 left on base; Williamsport 2 - Tri-City 4 |
BOTTOM OF THE 7TH |
Tri-City Dust Devils batting - Pitching for Williamsport Crosscutters : RHP Carlos Palacios
|
Batting: RHB Oren Jones
|
0-0: Swinging Strike 0-1: Ball 1-1: Ball 2-1: Ground out 1-3 (Groundball, 34S, EV 62.5 MPH)
|
Batting: LHB Ramon Vega
|
0-0: Called Strike 0-1: Swinging Strike 0-2: Strikes out swinging
|
Batting: LHB Phil Lerner
|
0-0: Ball 1-0: Fly out, F7 (Flyball, 78M, EV 90.6 MPH)
|
Bottom of the 7th over - 0 runs, 0 hits, 0 errors, 0 left on base; Williamsport 2 - Tri-City 4 |
TOP OF THE 8TH |
Williamsport Crosscutters batting - Pitching for Tri-City Dust Devils : RHP Gilberto Ricalde
|
Batting: RHB John Manocchio
|
0-0: SINGLE (Groundball, 56D, EV 103.1 MPH)
|
Batting: LHB Chris Moody
|
0-0: Called Strike 0-1: Ball 1-1: Ball 2-1: Swinging Strike 2-2: Strikes out swinging
|
Pitching: RHP Hisatada Sekiguchi
|
|
Batting: SHB Nick Chandler
|
0-0: Called Strike 0-1: Ball 1-1: Hit by Pitch John Manocchio to second
|
Pinch Runner at 2nd Gavin Helton:
|
|
Batting: SHB Art Kent
|
0-0: Foul Ball, location: 2F 0-1: Swinging Strike 0-2: Ball 1-2: Ball 2-2: Ball Wild Pitch! Gavin Helton to third Nick Chandler to second 3-2: Base on Balls
|
Batting: RHB Shintaro Katsumata
|
0-0: Called Strike 0-1: Swinging Strike 0-2: Ball 1-2: Ball 2-2: DOUBLE (Flyball, 78D, EV 107.5 MPH) Gavin Helton scores Nick Chandler scores Art Kent to third
|
Batting: RHB Pete Deschamps
|
0-0: Called Strike 0-1: Foul Ball, location: 2F 0-2: Ball 1-2: Hit by Pitch
|
Pinch Hitting: LHB Noel Young
|
0-0: Ball 1-0: Fly out, F7 (Flyball, 7LD, EV 111.2 MPH) Runner from 3rd tags up, SCORES, no throw by LF
|
Batting: RHB Xavier Castellanos
|
0-0: Called Strike 0-1: Foul Ball, location: 2F 0-2: Foul Ball, location: 2F 0-2: Ball 1-2: Ball 2-2: Ball 3-2: Fly out, F9 (Line Drive, 89M, EV 87.5 MPH)
|
Top of the 8th over - 3 runs, 2 hits, 0 errors, 2 left on base; Williamsport 5 - Tri-City 4 |
BOTTOM OF THE 8TH |
Tri-City Dust Devils batting - Pitching for Williamsport Crosscutters : RHP Carlos Palacios
|
Pitching: RHP Lance Brisson
|
|
Now at 1B: Gavin Helton
|
|
Now at 2B: Shintaro Katsumata
|
|
Now at SS: John Parra
|
|
Batting: RHB Hector Fernandez
|
0-0: Called Strike 0-1: Foul Ball, location: 2F 0-2: Ball 1-2: Ground out 5-3 (Groundball, 56, EV 93.1 MPH)
|
Batting: SHB Isaiah Scates
|
0-0: Ball 1-0: Ball 2-0: Swinging Strike 2-1: SINGLE (Flyball, 34D, EV 93.1 MPH)
|
Batting: RHB Eric McMillian
|
0-0: Called Strike 0-1: Ball 1-1: Called Strike 1-2: Strikes out swinging
|
Batting: RHB Phil McFadden
|
0-0: Ball 1-0: Called Strike 1-1: Ball 2-1: Foul Ball, location: 2F 2-2: Fly out, F6 (Line Drive, 56D, EV 61.2 MPH)
|
Bottom of the 8th over - 0 runs, 1 hit, 0 errors, 1 left on base; Williamsport 5 - Tri-City 4 |
TOP OF THE 9TH |
Williamsport Crosscutters batting - Pitching for Tri-City Dust Devils : RHP Hisatada Sekiguchi
|
Pitching: RHP Jamal Kilburn
|
|
Batting: RHB Jason Ostrom
|
0-0: Called Strike 0-1: Ball 1-1: Ball 2-1: Ball 3-1: Base on Balls
|
Batting: RHB Gavin Helton
|
|
Pinch Hitting: LHB Jorge Zermeno
|
Pickoff Play to 1st, Runner tries for 2nd, OUT after rundown. 0-0: Ball 1-0: Called Strike 1-1: Swinging Strike 1-2: Strikes out looking
|
Batting: LHB Chris Moody
|
0-0: Ball 1-0: Ball 2-0: Ground out 5-3 (Groundball, 5, EV 88.1 MPH)
|
Top of the 9th over - 0 runs, 0 hits, 0 errors, 0 left on base; Williamsport 5 - Tri-City 4 |
BOTTOM OF THE 9TH |
Tri-City Dust Devils batting - Pitching for Williamsport Crosscutters : RHP Lance Brisson
|
Now at 1B: John Parra
|
|
Now at SS: Leon Edwards
|
|
Batting: RHB Frank Elizondo
|
0-0: Ball 1-0: Swinging Strike 1-1: Foul Ball, location: 2F 1-2: Foul Ball, location: 2F 1-2: Ground out 4-3 (Groundball, 4M, EV 80.6 MPH)
|
Batting: RHB Max Stillo
|
0-0: Fly out, F7 (Flyball, 78M, EV 91.2 MPH)
|
Batting: RHB Oren Jones
|
0-0: Called Strike 0-1: Called Strike 0-2: Foul Ball, location: 2F 0-2: SOLO HOME RUN (Flyball, 7LD, EV 99.4 MPH), Distance : 389 ft
|
Batting: LHB Ramon Vega
|
0-0: Called Strike 0-1: Called Strike 0-2: Ground out 6-3 (Groundball, 6, EV 81.2 MPH)
|
Bottom of the 9th over - 1 run, 1 hit, 0 errors, 0 left on base; Williamsport 5 - Tri-City 5 |
TOP OF THE 10TH |
Williamsport Crosscutters batting - Pitching for Tri-City Dust Devils : RHP Jamal Kilburn
|
Pitching: RHP Josh Mott
|
|
Batting: SHB Nick Chandler
|
0-0: Ball 1-0: Ball 2-0: Foul Ball, location: 2F 2-1: Foul Ball, location: 2F 2-2: Ball 3-2: Strikes out swinging
|
Batting: SHB Art Kent
|
0-0: Ball 1-0: Ball 2-0: Called Strike 2-1: Ground out 4-3 (Groundball, 34, EV 90.0 MPH)
|
Batting: RHB Shintaro Katsumata
|
0-0: Ball 1-0: Ball 2-0: Foul Ball, location: 2F 2-1: Ground out 4-3 (Groundball, 4M, EV 81.2 MPH)
|
Top of the 10th over - 0 runs, 0 hits, 0 errors, 0 left on base; Williamsport 5 - Tri-City 5 |
BOTTOM OF THE 10TH |
Tri-City Dust Devils batting - Pitching for Williamsport Crosscutters : RHP Lance Brisson
|
Batting: LHB Phil Lerner
|
0-0: Called Strike 0-1: Ball 1-1: Ball 2-1: Ball 3-1: Foul Ball, location: 2F 3-2: Ground out 5-3 (Groundball, 6, EV 85.0 MPH)
|
Batting: RHB Hector Fernandez
|
0-0: Ball 1-0: SINGLE (Line Drive, 56, EV 105.0 MPH)
|
Pitching: RHP David Deon
|
|
Batting: SHB Isaiah Scates
|
0-0: Ball 1-0: Swinging Strike 1-1: Ball 2-1: Called Strike 2-2: Foul Ball, location: 2F 2-2: Foul Ball, location: 2F 2-2: Strikes out swinging
|
Batting: RHB Eric McMillian
|
0-0: Ball 1-0: Ball 2-0: Ball 3-0: Called Strike 3-1: Foul Ball, location: 2F 3-2: Foul Ball, location: 2F 3-2: Foul Ball, location: 2F 3-2: DOUBLE (Line Drive, 89M, EV 91.9 MPH) Hector Fernandez to third Hector Fernandez scores
|
Bottom of the 10th over - 1 run, 2 hits, 0 errors, 1 left on base; Williamsport 5 - Tri-City 6 |
|